Map: Frozen Temple

Players

blackxored - Winner!

  • Race: Zerg Zerg
  • League: Platinum

Pulsar

  • Race: Terran Terran
  • League: Platinum

VOD

Have the link to the VOD?

Description

Time

  • Played on: June 25, 2016, 5:54 p.m.
  • Length: 16:02
Show
View Real Time Build Order
Export as new Build Order

blackxored Zerg - Winner!

Build Orders: Hatch First, Muta Ling Bane 

Get SALT Encoding   

  12  0:01  Drone  
  13  0:09  Drone  
  14  0:17  Overlord  
  14  0:23  Extractor  
  14  0:24  Drone  
  15  0:37  Drone x2  
  17  0:56  Hatchery  
  16  0:58  Drone  
  16  1:03  Drone  
  18  1:13  Extractor  
  18  1:17  Spawning Pool  
  18  1:18  Drone  
  17  1:20  Drone  
  18  1:27  Drone  
  19  1:39  Overlord  
  19  1:49  Drone  
  20  2:06  Zergling x2, Queen  
  23  2:08  Queen  
  23  2:09  Zergling x2  
  23  2:14  Zergling x2  
  27  2:27  Hatchery  
  26  2:36  Drone x3  
  26  2:37  Drone  
  30  2:40  Metabolic Boost  
  30  2:51  Queen  
  32  2:55  Overlord  
  32  3:02  Pneumatized Carapace  
  32  3:22  Drone x8  
  40  3:28  Overlord  
  40  3:36  Zergling x4  
  41  3:53  Drone  
  41  3:54  Drone x3  
  45  3:57  Queen  
  45  3:58  Drone x4  
  51  4:14  Baneling Nest  
  51  4:16  Spore Crawler  
  49  4:20  Overlord  
  49  4:21  Overlord x3  
  50  4:29  Overlord  
  50  4:37  Overlord  
  50  4:40  Zergling x12  
  56  4:54  Zergling x18  
  65  5:03  Baneling  
  65  5:04  Baneling x8  
  65  5:09  Lair  
  65  5:21  Zergling x2  
  65  5:22  Zergling x16  
  74  5:39  Drone x9  
  83  5:46  Drone x3  
  86  6:07  Drone  
  86  6:08  Drone x2  
  86  6:09  Extractor, Centrifical Hooks  
  88  6:15  Drone x2  
  88  6:17  Extractor x2, Drone x4  
  88  6:18  Drone x3  
  95  6:23  Drone x3  
  98  6:28  Extractor, Hatchery  
  98  6:29  Extractor  
  95  6:43  Drone  
  95  6:44  Drone x2  
  95  6:46  Overlord x4  
  98  6:51  Hatchery  
  97  7:02  Zergling x2  
  97  7:03  Overlord x4  
  97  7:07  Spire  
  97  7:10  Drone x4  
  97  7:11  Drone x2  
  97  7:13  Zergling x6  
  106  7:18  Baneling x12  
  105  7:26  Overseer  
  105  7:30  Zergling x4  
  105  7:31  Zergling x12  
  110  7:59  Zergling x6  
  110  8:00  Zergling x24  
  125  8:07  Zergling x8  
  129  8:20  Mutalisk  
  129  8:21  Mutalisk x7  
  119  8:55  Drone x6  
  119  8:56  Drone x11  
  119  9:00  Infestation Pit  
  135  9:03  Evolution Chamber  
  135  9:06  Evolution Chamber  
  133  9:17  Mutalisk x9  
  148  9:26  Baneling x6  
  148  9:32  Overlord x4  
  148  9:34  Zergling x18  
  157  9:40  Drone  
  157  9:41  Extractor  
  157  9:42  Extractor  
  156  9:49  Hive, Zerg Melee Weapons Level 1  
  156  9:51  Zerg Ground Armor Level 1  
  156  9:57  Drone  
  156  9:59  Drone x2  
  160  10:00  Drone x4  
  160  10:06  Hatchery  
  155  10:24  Baneling x13  
  155  10:25  Baneling x3  
  154  10:43  Zergling x2  
  154  10:44  Zergling x46  
  154  10:48  Zerg Flyer Armor Level 1  
  165  11:05  Zergling x22  
  165  11:06  Zergling x4  
  144  11:16  Zergling x12  
  127  11:30  Zergling x10  
  127  11:31  Zergling x16  
  133  11:35  Baneling x2  
  133  11:36  Baneling x11  
  131  11:41  Zergling x6  
  131  11:42  Zergling x4  
  131  11:45  Ultralisk Cavern  
  128  11:54  Zergling x10  
  128  11:56  Zerg Ground Armor Level 2, Zerg Melee Weapons Level 2  
  128  11:58  Adrenal Glands  
  128  11:59  Zergling x12  
  139  12:01  Baneling x10  
  139  12:02  Baneling x11  
  139  12:05  Hatchery  
  138  12:08  Queen  
  140  12:23  Hatchery  
  122  12:32  Mutalisk x2  
  122  12:33  Mutalisk x7  
  122  12:34  Mutalisk x2  
  128  13:00  Zergling x34  
  128  13:02  Chitinous Plating  
  144  13:10  Overseer x2  
  144  13:29  Mutalisk  
  144  13:30  Mutalisk x4  
  144  13:33  Zerg Flyer Weapons Level 1, Ultralisk  
  144  13:34  Ultralisk  
  166  13:42  Drone x2  
  166  13:43  Drone x3  
  166  13:46  Drone x16  
  185  13:56  Zergling x8  
  185  13:57  Zergling x2  
  185  13:58  Baneling  
  185  14:00  Baneling x8  
  185  14:01  Baneling x14  
  171  14:33  Zergling x2  
  171  14:34  Zergling x46  
  192  14:59  Drone x6  
  199  15:00  Drone  
  199  15:02  Extractor  
  199  15:03  Overlord x2, Extractor  
  197  15:16  Extractor  
  197  15:17  Extractor  
Show
View Real Time Build Order
Export as new Build Order

Pulsar Terran 

Build Orders: Bio Mine 

Get SALT Encoding   

  12  0:01  SCV  
  13  0:14  SCV  
  14  0:18  Supply Depot  
  14  0:26  SCV  
  15  0:32  Refinery  
  15  0:40  SCV  
  16  0:46  Barracks  
  16  0:52  SCV  
  17  1:04  SCV  
  18  1:16  SCV  
  19  1:35  Barracks Reactor  
  19  1:40  Orbital Command  
  19  1:48  Command Center  
  19  2:03  Supply Depot  
  19  2:11  Factory, Marine  
  19  2:14  Marine  
  21  2:17  SCV  
  22  2:30  Marine  
  22  2:32  Marine  
  22  2:35  SCV  
  25  2:37  Refinery  
  25  2:47  SCV  
  25  2:48  Marine  
  25  2:50  Marine  
  28  2:58  Factory Tech Lab  
  28  3:02  Orbital Command  
  28  3:06  Marine  
  28  3:08  Marine  
  28  3:12  SCV  
  31  3:21  Siege Tank  
  31  3:24  SCV  
  31  3:26  Supply Depot  
  31  3:27  Marine x2  
  35  3:30  SCV  
  38  3:42  SCV  
  38  3:44  Marine  
  38  3:45  SCV  
  41  3:53  Siege Tank  
  41  3:54  SCV  
  45  3:57  SCV  
  45  4:11  SCV x2  
  45  4:16  Supply Depot  
  46  4:21  Supply Depot  
  46  4:23  SCV x2  
  48  4:26  Barracks  
  48  4:29  Engineering Bay  
  48  4:30  Starport  
  48  4:33  Engineering Bay  
  48  4:35  SCV  
  48  4:36  Marine x2  
  51  4:45  SCV  
  51  4:47  SCV  
  51  4:51  Refinery  
  53  4:53  Marine  
  53  4:54  Marine  
  53  4:59  Terran Infantry Weapons Level 1, Terran Infantry Armor Level 1  
  55  5:03  SCV  
  56  5:09  Starport Reactor, Supply Depot  
  56  5:11  Supply Depot  
  56  5:14  SCV  
  57  5:15  Barracks Tech Lab  
  57  5:17  Marine  
  57  5:18  Marine  
  57  5:19  SCV  
  60  5:26  Refinery, Siege Tank  
  63  5:37  Stimpack  
  63  5:39  Command Center  
  63  5:42  Marine x2  
  65  5:46  Medivac  
  65  5:47  Medivac  
  69  6:03  Missile Turret  
  69  6:04  Missile Turret  
  69  6:08  Missile Turret  
  69  6:10  Missile Turret  
  69  6:20  Missile Turret x2  
  69  6:31  Marine  
  69  6:32  Marine x2  
  72  6:33  Missile Turret  
  72  6:34  SCV, Missile Turret  
  73  6:47  Armory  
  73  6:49  Marine x2  
  73  6:50  Marine  
  73  6:53  SCV x2  
  78  7:05  SCV  
  78  7:07  Marine x2  
  81  7:08  Marine  
  82  7:22  Planetary Fortress  
  82  7:23  Missile Turret  
  82  7:24  SCV x2  
  82  7:25  Marine  
  82  7:29  Missile Turret  
  85  7:36  SCV x2  
  87  7:38  Combat Shields  
  87  7:48  SCV x2  
  81  8:00  Factory  
  81  8:01  Factory  
  81  8:02  SCV x2  
  81  8:03  Factory, SCV  
  81  8:04  Factory  
  81  8:05  Armory  
  84  8:14  SCV x2  
  84  8:15  SCV  
  87  8:26  SCV x2  
  89  8:27  SCV  
  89  8:30  Refinery  
  89  8:32  Refinery  
  90  8:39  SCV x2  
  89  8:57  Factory Reactor  
  89  8:58  Factory Reactor x3  
  89  8:59  Drilling Claws  
  89  9:11  Command Center  
  89  9:15  Starport  
  89  9:16  Marine x2  
  91  9:17  Starport  
  91  9:33  Supply Depot x3, Missile Turret  
  91  9:34  Supply Depot, Missile Turret  
  91  9:35  Supply Depot  
  91  9:38  Widow Mine  
  93  9:51  Supply Depot  
  93  9:54  Supply Depot, Widow Mine x7  
  93  9:58  Missile Turret  
  107  10:04  Widow Mine  
  109  10:08  Starport Reactor x2  
  105  10:23  Widow Mine x2  
  105  10:24  Widow Mine x4, Missile Turret  
  117  10:30  Planetary Fortress  
  117  10:39  Widow Mine x3  
  123  10:52  Widow Mine  
  109  11:08  SCV  
  109  11:09  SCV x3  
  111  11:14  Missile Turret  
  111  11:16  Missile Turret  
  111  11:17  Missile Turret  
  103  11:20  SCV  
  103  11:21  SCV x2  
  106  11:33  SCV x3  
  105  11:46  Siege Tank, Widow Mine x5  
  98  11:47  Widow Mine x3  
  105  12:10  Marine x3  
  105  12:14  Widow Mine  
  110  12:18  Siege Tank  
  113  12:24  Command Center  
  113  12:28  Marine x3  
  100  12:45  Marine  
  100  12:46  Marine  
  87  13:01  Marine  
  87  13:02  Widow Mine x4  
  87  13:03  Marine, Widow Mine x2  
  101  13:08  Marine  
  102  13:13  Widow Mine x2  
  102  13:14  Widow Mine  
  102  13:16  SCV x2  
  102  13:19  Marine  
  102  13:27  Marine  
  102  13:28  Marine  
  102  13:30  Widow Mine  
  102  13:31  Widow Mine  
  101  13:35  Barracks x2  
  101  13:37  Marine, Barracks  
  102  13:45  Marine, Missile Turret  
  103  13:50  Marine  
  103  13:52  Missile Turret  
  103  13:55  Marine  
  101  13:57  Liberator x3  
  101  14:03  Marine  
  101  14:08  Marine  
  103  14:11  Medivac x3  
  103  14:13  Marine  
  119  14:21  Marine  
  119  14:24  Liberator x3  
  111  14:30  Widow Mine x2  
  100  14:33  Marine  
  100  14:34  Marine  
  100  14:40  Liberator  
  105  14:46  Liberator  
  105  14:47  Liberator  
  90  15:37  Marine  
  90  15:38  Marine x5  
Tags
 
Add a new tag
Caveats
  • Supply blocks, unpowered buildings, or Contaminate may cause inaccurate times.
  • Supply counts are checked every 10 seconds.